 Dungeon Crawl Stone Soup version 0.28-a0-1435-g82390b3a13 (webtiles) character file.

Game seed: 486340784609390187

11 hashsling the Vandal (level 2, 24/26 HPs)
             Began as a Deep Dwarf Hunter on Jan 9, 2022.
             Was a Follower of Qazlal.
             Quit the game on level 1 of the Dungeon.
             The game lasted 00:02:05 (154 turns).

hashsling the Vandal (Deep Dwarf Hunter)             Turns: 154, Time: 00:02:06

Health: 24/26      AC:  3    Str: 15    XL:     2   Next: 13%
Magic:  2/2        EV: 12    Int: 11    God:    Qazlal [*.....]
Gold:   0          SH:  1    Dex: 13    Spells: 1/1 levels left

rFire   . . .      SeeInvis .   a - +1 hunting sling
rCold   . . .      Faith    .   (no shield)
rNeg    . . .      Spirit   .   c - +0 leather armour
rPois   .          Reflect  .   (no helmet)
rElec   .          Harm     .   (no cloak)
rCorr   .          Rampage  .   (no gloves)
Will    .....                   (no boots)
Stlth   +.........              (no amulet)
HPRegen 0.00/turn               (no ring)
MPRegen 0.08/turn               (no ring)

@: no status effects
A: damage resistance, heal wounds, sense surroundings 1, no regeneration
a: Heal Wounds, Renounce Religion


You were on level 1 of the Dungeon.
You worshipped Qazlal.
Qazlal was aware of your devotion.
You visited 1 branch of the dungeon, and saw 1 of its levels.

Inventory:

Hand Weapons
 a - a +1 hunting sling (weapon)
 b - a +0 short sword
Missiles
 d - 12 sling bullets (quivered ammo)
Armour
 c - a +0 leather armour (worn)


   Skills:
 - Level 1.7 Fighting
 * Level 4.6 Slings
 + Level 0.6 Armour
 * Level 2.6 Dodging
 - Level 1.2 Stealth


You had one spell level left.
You didn't know any spells.
Your spell library was empty.

Dungeon Overview and Level Annotations

Branches:
Dungeon (1/15)

Altars:
Qazlal


Innate Abilities, Weirdness & Mutations

You are resistant to damage.
You can heal yourself by infusing magical energy.
You passively map a small area around you.
You do not regenerate.


Message History

Found a fizzy blue potion.
The kobold shouts!
There is a faded altar of an unknown god here.
You see here a +0 dagger.
a - a +1 hunting sling (weapon)
Fire: 17 sling bullets
Press: ? - help, Q - select action, (/) - cycle Shift-Dir - straight line, f - kobold
Aim: a kobold, wielding a +0 whip (53% to hit)
You shoot a sling bullet. The sling bullet hits the kobold!
You kill the kobold!
The bat hits you but does no damage.
Fire: 16 sling bullets
Press: ? - help, Q - select action, (/) - cycle Shift-Dir - straight line, f - bat
Aim: a bat (46% to hit)
You shoot a sling bullet. The sling bullet hits the bat.
The bat is severely wounded.
The bat barely misses you.
Fire: 15 sling bullets
Press: ? - help, Q - select action, (/) - cycle Shift-Dir - straight line, f/p - bat
Aim: a bat (severely wounded, 46% to hit)
You shoot a sling bullet. The sling bullet barely misses the bat.
The bat misses you.
Fire: 14 sling bullets
Press: ? - help, Q - select action, (/) - cycle Shift-Dir - straight line, f/p - bat
Aim: a bat (severely wounded, 46% to hit)
You shoot a sling bullet. The sling bullet barely misses the bat.
The bat hits you but does no damage.
Fire: 13 sling bullets
Press: ? - help, Q - select action, (/) - cycle Shift-Dir - straight line, f/p - bat
Aim: a bat (severely wounded, 46% to hit)
You shoot a sling bullet. The sling bullet hits the bat!
You kill the bat!
You cannot tell which god this altar belongs to.
Convert to them anyway?
Qazlal accepts your prayer! Qazlal welcomes you!
Qazlal grants you and your divine allies immunity to clouds.
You are now surrounded by a storm.
Unknown command.
Press < or > to pray at altars.
Are you sure you want to abandon this character and quit the game? (Confirm with "yes".)

, , *
.##..........##
,
#..............#
, ,
#...#..........#
, *
...............
*
#..............
# #.....(......
* ,
#.#............
,, *
#......@(...).(
* *
##.#..........!
, , ,
#......####. , *
#.###### ,, #
#..## * > *
##.###..# ###
*#########
.....##.## #.#
........#
#...)†# #.#
########.#
###...#
#.#.#....<...#


There were no monsters in sight!

Vanquished Creatures
  A giant cockroach (D:1)
  A goblin (D:1)
  A hobgoblin (D:1)
  2 jackals (D:1)
  A quokka (D:1)
  A bat (D:1)
  2 kobolds (D:1)
9 creatures vanquished.

Notes
Turn   | Place    | Note
-------+----------+-------------------------------------------
     0 | D:1      | hashsling the Deep Dwarf Hunter began the quest for the
                  | Orb.
     0 | D:1      | Reached XP level 1. HP: 19/19 MP: 1/1
   119 | D:1      | Reached XP level 2. HP: 24/26 MP: 2/2
   142 | D:1      | Found a faded altar of an unknown god.
   153 | D:1      | Prayed at the altar of an unknown god.
   153 | D:1      | Became a worshipper of Qazlal Stormbringer
   153 | D:1      | Reached * piety under Qazlal
   154 | D:1      | Quit the game

Illustrated notes

Levels and vault maps discovered:
D:1:      matt_arrival_spirals, layout_rooms,
          ebering_ecumenical_altar_sacrificial, nrook_uturn

Action                   || total
-------------------------++-------
Melee: Short sword       ||     1
 Fire: Hunting sling     ||    25
Armor: Leather armour    ||     2
Dodge: Dodged            ||     7

Table legend: (Time is in decaauts)
 A = Elapsed time spent in this place.
 B = Non-inter-level travel time spent in this place.
 C = Inter-level travel time spent in this place.
 D = Time resting spent in this place.
 E = Time spent auto-exploring this place.
 F = Levels seen in this place.
 G = Mean time per level.
                   A        B        C        D        E       F      G
               +--------+--------+--------+--------+--------+-----+--------+
         Total |    151 |    151 |      0 |      0 |    103 |   1 |  151.0 |
       Dungeon |    151 |    151 |      0 |      0 |    103 |   1 |  151.0 |
               +--------+--------+--------+--------+--------+-----+--------+

Top non-repeatable levels by time:
     D:1: 151 daAuts
